 Dungeon Crawl Stone Soup version 0.31.0-9-g3a7656b989 (webtiles) character file.

Game seed: 2233459559984317592

541 Descartes the Ruffian (level 7, -12/47 HPs)
             Began as an Octopode Shapeshifter on Jan 26, 2024.
             Mangled by an ogre
             ... wielding a +0 giant spiked club
              (34 damage)
             ... on level 5 of the Dungeon.
             The game lasted 00:03:11 (3529 turns).

Descartes the Ruffian (Octopode Shapeshifter)       Turns: 3529, Time: 00:03:12

Health: -12/47     AC:  1    Str: 16    XL:     7   Next: 26%
Magic:  7/7        EV: 14    Int: 12    God:
Gold:   194        SH:  0    Dex: 11    Spells: 6/6 levels left

rFire   . .          .
                       - Unarmed
rCold   . . .        (no shield)
rNeg    . . .        (helmet currently unavailable)
rPois   .            (no amulet)
rElec   .            (no ring)
rCorr   .            (no ring)
SInv    .            (no ring)
Will    .....        (no ring)
Stlth   ++           (no ring)
HPRegen 0.27/turn    (no ring)
MPRegen 0.10/turn    (no ring)
                     (no ring)

%: no passive effects
@: beast-form
A: beast (slay +2), almost no armour, amphibious, 8 rings, camouflage 1,
gelatinous body 1, (nimble swimmer 1), tentacles
a: Begin Untransformation


You were on level 5 of the Dungeon.
You were a hulking beast.
You visited 1 branch of the dungeon, and saw 5 of its levels.

You collected 194 gold pieces.

Inventory:

Talismans
 b - a beast talisman
 c - a flux talisman
Scrolls
 d - 7 scrolls of identify {unknown}
 e - a scroll of acquirement {unknown}
 f - a scroll of blinking {unknown}
 g - a scroll of vulnerability {unknown}
 i - a scroll of butterflies {unknown}
 k - 3 scrolls of immolation {unknown}
 l - a scroll of noise {unknown}
 m - a scroll of enchant armour {unknown}
 n - 2 scrolls of teleportation {unknown}
 s - a scroll of amnesia {unknown}
Potions
 a - 3 potions of lignification
 h - 2 potions of might {unknown}
 j - a potion of brilliance {unknown}
 o - a potion of curing {unknown}
 p - a potion of cancellation {unknown}
 q - a potion of enlightenment {unknown}
 r - a potion of degeneration {unknown}


   Skills:
 + Level 3.7 Fighting
 + Level 4.1 Dodging
 + Level 4.7 Unarmed Combat
 + Level 4.5 Shapeshifting


You had 6 spell levels left.
You didn't know any spells.
Your spell library contained the following spells:

 Spells                   Type           Power      Damage    Failure   Level
 Ensorcelled Hibernation  Hex/Ice        0%         N/A       45%         2
 Metabolic Englaciation   Hex/Ice        0%         N/A       100%        5
 Ignition                 Fire           0%         3d3       100%        8


Dungeon Overview and Level Annotations

Branches:
Dungeon (5/15)
 Temple: D:4-7

Altars:
Elyvilon
Vehumet
Wu Jian


Innate Abilities, Weirdness & Mutations

You are a hulking beast.
Your limbs bulge with bestial killing power. (Slay +2)
You cannot wear most types of armour.
You are amphibious.
You can wear up to eight rings at the same time.
Your skin changes colour to match your surroundings (Stealth+).
Your rubbery body absorbs attacks. (AC +1, EV +1)
((You are camouflaged when in or above water. (Stealth+)))
You have tentacles for arms and can constrict up to eight enemies at once.


Message History

No target in view!
No target in view!
No target in view!
No target in view!
There are no items here.
An ogre comes into view. It is wielding a +0 giant spiked club.
The ogre shouts!
Things that are here:
a +1 short sword of freezing; a +0 leather armour A jelly comes into view.
The ogre completely misses you.
An orc comes into view. It is wielding a +0 flail.
The jelly moves out of view.
You tentacle-slap the ogre.
The ogre is lightly wounded.
You tentacle-slap the ogre. Your squeeze misses the ogre.
The ogre is moderately wounded.
The ogre hits you with a +0 giant spiked club!!
An orc comes into view. It is wielding a +0 short sword.
You are too injured to fight recklessly!
You are too injured to fight recklessly!
You are too injured to fight recklessly!
You are too injured to fight recklessly!
You are too injured to fight recklessly!
You are too injured to fight recklessly!
You are too injured to fight recklessly!
You are too injured to fight recklessly!
You are too injured to fight recklessly!
You are too injured to fight recklessly!
You are too injured to fight recklessly!
You are too injured to fight recklessly!
You are too injured to fight recklessly!
Unknown command.
You barely miss the ogre.
The orc shouts!
Your squeeze misses the ogre.
The ogre is moderately wounded.
The ogre hits you with a +0 giant spiked club!!
Ouch! That really hurt!
You die...

# ####.....##
#.###.........#
###......>......#
........<.......#
#######.##....##
#.).....#
####)..##
######..##
........h.#
..####..#O.#
#...##.# #....
..# .o.... .#
......# .#
.#...#.. # o.#...


You could see an ogre and 2 orcs.

Vanquished Creatures
  Sigmund (D:5)
  A phantom (D:4)
  A scorpion (D:4)
  A jelly (D:4)
  2 sleepcaps (D:4)
  6 adders
  6 dart slugs
  2 ribbon worms
  3 orcs
  8 ball pythons
  4 bats
  7 endoplasms
  4 giant cockroaches
  9 goblins
  7 hobgoblins
  2 jackals (D:4)
  3 quokkas
  4 frilled lizards
  5 kobolds
  3 rats
79 creatures vanquished.

Notes
Turn   | Place    | Note
-------+----------+-------------------------------------------
     0 | D:1      | Descartes the Octopode Shapeshifter began the quest for the
                  | Orb.
     0 | D:1      | Reached XP level 1. HP: 13/13 MP: 1/1
   191 | D:1      | Reached XP level 2. HP: 18/18 MP: 2/2
   687 | D:1      | Reached XP level 3. HP: 23/23 MP: 3/3
  1175 | D:2      | Reached XP level 4. HP: 29/29 MP: 4/4
  1287 | D:2      | Identified the +6 dagger "Sopug" {heavy, *Noise rPois rC+
                  | Str+2}
  1399 | D:2      | Got the Grimoire of the Enchanted Inferno
  1902 | D:3      | Found an ornate altar of the Wu Jian Council.
  2081 | D:3      | Found a radiant altar of Vehumet.
  2681 | D:4      | Noticed a phantom
  2698 | D:4      | Killed a phantom
  2699 | D:4      | Reached XP level 5. HP: 12/35 MP: 5/5
  2925 | D:4      | Found an ornate altar of the Wu Jian Council.
  2945 | D:4      | Reached XP level 6. HP: 12/42 MP: 6/6
  3166 | D:4      | Found a white marble altar of Elyvilon.
  3504 | D:5      | Entered Level 5 of the Dungeon
  3505 | D:5      | Noticed Sigmund
  3511 | D:5      | Killed Sigmund
  3512 | D:5      | Reached XP level 7. HP: 47/47 MP: 7/7
  3529 | D:5      | Mangled by an ogre

Illustrated notes

Levels and vault maps discovered:
D:1:      roadster_arrival_rocket_large, layout_loops_ring, chequers_big_river,
          minivault_11
D:2:      layout_basic, minmay_small_reverse_x
D:3:      layout_loops_cross, fiery_altar_vehumet,
          nicolae_wu_jian_immortal_techniques, kennysheep_generic_room_15
D:4:      minmay_door_path, layout_basic, lemuel_tele_altar,
          hangedman_decor_points, minmay_ruined_shrine
D:5:      layout_loops_ring, eino_tiny_chamber, minmay_misc_feat_more_columns,
          chequers_serial_rivers_large_b, minmay_misc_feat_nine_boxes,
          uniq_sigmund

Skill      XL: |  1  2  3  4  5  6 |
---------------+-------------------+-----
Fighting       | 2 3 |  3.7
Dodging        | 3 4 |  4.1
Unarmed Combat | 4 |  4.7
Shapeshifting  | 4 |  4.5

Action                     |  1- 3 |  4- 6 |  7- 9 || total
---------------------------+-------+-------+-------++-------
  Melee: Unarmed           |    57 |   102 |     5 ||   164
         Constrict         |    16 |    23 |     1 ||    40
         Tentacles         |    10 |    22 |       ||    32
         Punch             |     1 |     5 |       ||     6
   Stab: Sleeping          |     5 |     4 |       ||     9
         Distracted        |       |     1 |       ||     1
 Armour: Skin              |    20 |    47 |     3 ||    70
  Dodge: Dodged            |    28 |    51 |     2 ||    81
